[Event "Team 45 45 League T40"]
[Site "Internet Chess Club"]
[Date "2009.02.21"]
[Round "4"]
[White "coffeebreak"]
[Black "koni"]
[Result "0-1"]
[WhiteElo "1826"]
[BlackElo "1889"]
[Opening "Philidor: Improved Hanham variation"]
[ECO "B07"]
[Time "14:17:12"]
[TimeControl "2700+45"]

1. d4 d6 2. e4 Nf6 3. Nc3 e5 4. Nf3 Nbd7 5. Bc4 Be7 6. dxe5 Nxe5 7. Nxe5 dxe5 8.
Qe2 c6 9. f3 b5 10. Bb3 a5 11. a4 b4 12. Nd1 O-O 13. Ne3 Qc7 14. Nc4 Nd7 15. Be3
Nc5 16. O-O Ba6 17. Qf2 Ne6 18. Rfd1 c5 19. Qg3 Bxc4 20. Bxc4 Nd4 21. Rd2 Rab8
22. c3 bxc3 23. bxc3 Nb3 24. Bxb3 Rxb3 25. Rad1 Bf6 26. Rd7 Qc8 27. R7d6 Kh8 28.
Bg5 Bxg5 29. Qxg5 f6 30. Qe3 Ra3 31. R6d5 Rxa4 32. Rxc5 Qb7 33. Kf2 h6 34. Rdd5
Ra2+ 35. Rd2 Rxd2+ 36. Qxd2 Qb6 37. Qe3 a4 38. Rd5 Qb2+ 39. Rd2 Qb3 40. Qc5 Rb8
41. Qa5 a3 42. c4 Kh7 43. Kg3 Qe3 44. Qd5 Rb2 45. Rxb2 axb2 46. Qd7 Qf4+ {White
resigns} 0-1

[Event "Team 45 45 League T40"]
[Site "Internet Chess Club"]
[Date "2009.02.21"]
[Round "4"]
[White "shakkiipe"]
[Black "tryanything"]
[Result "1-0"]
[WhiteElo "1812"]
[BlackElo "1656"]
[Opening "QGD: Albin counter-gambit, Alapin variation"]
[ECO "D08"]
[Time "03:28:35"]
[TimeControl "2700+45"]

1. d4 d5 2. c4 e5 3. dxe5 d4 4. Nf3 Nc6 5. Nbd2 Nge7 6. Nb3 Nf5 7. e4 dxe3 8.
Qxd8+ Kxd8 9. fxe3 Bb4+ 10. Kf2 h6 11. a3 Ba5 12. Nbd4 Nfxd4 13. exd4 Bg4 14.
Be3 Bxf3 15. gxf3 a6 16. c5 b6 17. b4 bxc5 18. bxa5 cxd4 19. Rd1 Ke7 20. Bxd4
Rhd8 21. Bc5+ Ke6 22. Bh3+ Kxe5 23. f4+ Kxf4 24. Bg2 Rxd1 25. Rxd1 Rd8 26. Rxd8
Nxd8 27. Bf1 Ne6 28. Be3+ Ke4 29. Bxa6 f5 30. Bb7+ Ke5 31. a6 c5 {Black resigns}
1-0

[Event "Team 45 45 League T40"]
[Site "Internet Chess Club"]
[Date "2009.02.23"]
[Round "4"]
[White "chesskilleruk"]
[Black "freestyle"]
[Result "0-1"]
[WhiteElo "2281"]
[BlackElo "2260"]
[Opening "Sicilian: Grand Prix attack"]
[ECO "B23"]
[Time "21:00:07"]
[TimeControl "2700+45"]

1. e4 c5 2. Nc3 Nc6 3. f4 g6 4. Nf3 Bg7 5. Bc4 e6 6. O-O Nge7 7. Qe1 O-O 8. d3
d6 9. f5 d5 10. Bb3 dxe4 11. dxe4 exf5 12. Qh4 Ne5 13. Bg5 Nxf3+ 14. Rxf3 Qd4+
15. Be3 Qe5 16. Rd1 fxe4 17. Nxe4 Nf5 18. Qf4 Nxe3 19. Qxf7+ Rxf7 20. Rd8+ Bf8
21. Rxf7 Be6 22. Rfxf8+ Kg7 23. Rxa8 Qxe4 24. Rf2 c4 {White resigns} 0-1

[Event "Team 45 45 League T40"]
[Site "Internet Chess Club"]
[Date "2009.02.24"]
[Round "4"]
[White "fllinc"]
[Black "adh2050"]
[Result "1-0"]
[WhiteElo "2072"]
[BlackElo "2073"]
[Opening "Sicilian: Hungarian variation"]
[ECO "B34"]
[Time "22:02:35"]
[TimeControl "2700+45"]

1. e4 c5 2. Nf3 g6 3. d4 cxd4 4. Nxd4 Bg7 5. Nc3 Nc6 6. Be3 Nf6 7. f3 O-O 8. Bc4
Qb6 9. O-O Qxb2 10. Ndb5 Qb4 11. Qe2 Qa5 12. Bd2 Qd8 13. a4 a6 14. Na3 d6 15.
Rab1 e6 16. Rfd1 h6 17. Be3 Ne8 18. Qd2 Kh7 19. Bb6 Qh4 20. Ne2 Ne5 21. Bf2 Qe7
22. Bb3 Bd7 23. Qb4 Rb8 24. Bg3 f5 25. exf5 Rxf5 26. Nd4 Nc6 27. Nxf5 exf5 28.
Qc4 Nf6 29. Bxd6 Qe3+ 30. Kh1 Re8 31. Qd3 Qg5 32. Qd2 Qh5 33. Bf7 Rd8 34. Rxb7
Bc8 35. Rc7 Ne5 36. Rxc8 Nxf3 37. Qe2 Rxc8 38. Qxf3 Ng4 39. Rf1 Rc3 40. Qa8 Nf6
41. Qxa6 Ne4 42. Qa8 Nf6 43. Ra1 f4 44. Nc4 f3 45. Ne5 Rxc2 46. Bxg6+ Qxg6 47.
Nxg6 fxg2+ 48. Kg1 Kxg6 49. a5 Kf5 50. a6 Ke6 51. a7 Ne4 52. Qxe4+ Kxd6 53. Qxc2
{Black resigns} 1-0

[Event "Team 45 45 League T40"]
[Site "Internet Chess Club"]
[Date "2009.02.22"]
[Round "4"]
[White "trucazzo"]
[Black "DavidAbran"]
[Result "0-1"]
[WhiteElo "2009"]
[BlackElo "1988"]
[Opening "Trompowsky attack (Ruth, Opocenský opening)"]
[ECO "A45"]
[Time "13:19:05"]
[TimeControl "2700+45"]

1. d4 Nf6 2. Bg5 Ne4 3. Bf4 d5 4. f3 Nf6 5. e4 dxe4 6. Nc3 e3 7. Qd3 e6 8. Qxe3
Bb4 9. O-O-O Bxc3 10. Qxc3 Nd5 11. Qd2 Nxf4 12. Qxf4 O-O 13. g4 Nc6 14. g5 Nb4
15. d5 Nxd5 16. Qh4 Qe7 17. Bd3 g6 18. Ne2 a5 19. Rhg1 c6 20. Rg3 e5 21. Re1 Qb4
22. Qxb4 Nxb4 23. Nc3 Nxd3+ 24. cxd3 Bf5 25. Rxe5 Bxd3 26. Re7 b5 27. Ne4 Bxe4
28. fxe4 Rae8 29. Rc7 Re6 30. Rc3 Rxe4 31. R3xc6 Re5 32. h4 Rfe8 33. Rf6 R8e7
34. Rxe7 Rxe7 35. Ra6 a4 36. Ra8+ Kg7 37. Rb8 Re5 38. Rb7 Rf5 39. Kd2 h6 40. Kc3
hxg5 41. hxg5 Rxg5 42. Kb4 Re5 43. Rxb5 Rxb5+ 44. Kxb5 f5 45. Kc5 g5 46. b4 axb3
47. axb3 g4 48. Kd4 Kf7 49. b4 Ke7 50. b5 Kd6 {White resigns} 0-1

[Event "Team 45 45 League T40"]
[Site "Internet Chess Club"]
[Date "2009.02.21"]
[Round "4"]
[White "MRX"]
[Black "Fosca"]
[Result "0-1"]
[WhiteElo "1689"]
[BlackElo "1857"]
[Opening "Nimzovich-Larsen attack: modern variation"]
[ECO "A01"]
[Time "10:01:26"]
[TimeControl "2700+45"]

1. b3 e5 2. Bb2 Nc6 3. e3 Nf6 4. c4 d5 5. cxd5 Nxd5 6. a3 Bd6 7. Qc2 O-O 8. Nf3
Qe7 9. Bd3 h6 10. Be4 Be6 11. Nc3 Nxc3 12. Bxc6 bxc6 13. Qxc3 f6 14. d3 Qd7 15.
O-O c5 16. Nd2 Rfb8 17. Rab1 Qb5 18. Ba1 Bf5 19. e4 Be6 20. Nc4 Qa6 21. f4 Bxc4
22. bxc4 exf4 23. g3 Rxb1 24. Rxb1 fxg3 25. hxg3 Bxg3 26. d4 Qd6 27. Kg2 Bf4 28.
Qf3 Bg5 29. e5 Qf8 30. Rb7 fxe5 31. Qd5+ Kh8 32. Rxc7 exd4 33. Qxc5 Qxc5 34.
Rxc5 Bf6 35. Rd5 Rc8 36. c5 Kg8 37. Kf3 Kf7 38. Ke4 Re8+ 39. Kd3 Re3+ 40. Kc4
Rxa3 41. Bxd4 Ra4+ 42. Kd3 Rxd4+ 43. Rxd4 Bxd4 44. Kxd4 Ke7 45. Kd5 Kd7 46. c6+
Kc7 {White resigns} 0-1

[Event "Team 45 45 League T40"]
[Site "Internet Chess Club"]
[Date "2009.02.20"]
[Round "4"]
[White "tini3blas"]
[Black "reb"]
[Result "1-0"]
[WhiteElo "2227"]
[BlackElo "2326"]
[Opening "English: symmetrical, Botvinnik system"]
[ECO "B20"]
[Time "08:00:13"]
[TimeControl "2700+45"]

1. e4 c5 2. c4 Nc6 3. Nc3 g6 4. g3 Bg7 5. Bg2 e6 6. Nge2 Nge7 7. d3 d6 8. O-O
O-O 9. Rb1 b6 10. Be3 Bb7 11. d4 a6 12. f4 Re8 13. d5 exd5 14. cxd5 Nb8 15. Qd2
Nd7 16. b4 Rb8 17. Rfc1 c4 18. Bd4 Qc7 19. Bxg7 Kxg7 20. Qd4+ Kg8 21. b5 Rbc8
22. Bh3 f5 23. bxa6 Bxa6 24. Nb5 Bxb5 25. Rxb5 Qa7 26. Nc3 Qa3 27. Rc2 Rc5 28.
Rb1 Qa5 29. a4 Rf8 30. Ra2 Nf6 31. Rb5 Qa6 32. Rab2 Rxb5 33. Rxb5 Nd7 34. e5 Qa7
35. Bf1 Qc7 36. e6 Nc5 37. Qxc4 Rc8 38. Rb4 h5 39. Qd4 Kh7 40. Nb5 Qd8 41. Bg2
Ng8 42. Qe3 Ra8 43. Qa3 Ne7 44. Qa1 Ra5 45. Qf6 Nxa4 46. Nd4 Nc3 47. Nf3 Ra1+
48. Bf1 Rxf1+ 49. Kxf1 Ncxd5 50. Ng5+ Kh6 51. Nf7+ Kh7 52. Qg5 Qf8 53. Ra4 Nc7
54. Qf6 Qe8 55. Nxd6 Qxa4 56. Qxe7+ Kg8 57. Qd8+ {Black resigns} 1-0

[Event "Team 45 45 League T40"]
[Site "Internet Chess Club"]
[Date "2009.02.21"]
[Round "4"]
[White "fundie"]
[Black "menorca"]
[Result "1-0"]
[WhiteElo "2263"]
[BlackElo "2178"]
[Opening "Alekhine's defense: modern, Larsen variation"]
[ECO "B04"]
[Time "10:30:10"]
[TimeControl "2700+45"]

1. e4 Nf6 2. e5 Nd5 3. d4 d6 4. Nf3 dxe5 5. dxe5 Bf5 6. c4 Nb4 7. Qxd8+ Kxd8 8.
Nd4 Bd3 9. Na3 e6 10. Be3 Bxf1 11. Kxf1 Nd3 12. Rd1 Nxb2 13. Nc6+ {Black
resigns} 1-0

[Event "Team 45 45 League T40"]
[Site "Internet Chess Club"]
[Date "2009.02.22"]
[Round "4"]
[White "ranaamasonika"]
[Black "jorobo"]
[Result "0-1"]
[WhiteElo "2165"]
[BlackElo "2175"]
[Opening "French: King's Indian attack"]
[ECO "C00"]
[Time "22:00:29"]
[TimeControl "2700+45"]

1. e4 e6 2. d3 d5 3. Nd2 Nf6 4. Ngf3 Nc6 5. g3 dxe4 6. dxe4 e5 7. Bg2 Bc5 8. O-O
O-O 9. c3 a5 10. Qc2 b6 11. Nc4 Ng4 12. h3 Ba6 13. Qe2 Nf6 14. Rd1 Qe7 15. Bf1
Rad8 16. Be3 Nxe4 17. Bxc5 Nxc5 18. Nfxe5 Nxe5 19. Qxe5 Qxe5 20. Nxe5 Bxf1 21.
Kxf1 f6 22. Nc6 Rxd1+ 23. Rxd1 Rf7 24. b4 axb4 25. cxb4 Rd7 26. Re1 Nd3 27. Re3
Kf8 28. a4 Rd6 29. b5 Nc5 30. Ra3 Rd3 31. Ra2 Rb3 32. a5 bxa5 33. Rxa5 Rb2 34.
Ra8+ Kf7 35. Ra7 Ne6 36. Rb7 Ke8 37. Kg2 Kd7 38. Rb8 Kd6 39. Re8 Kd5 40. Re7 Kd6
41. Re8 Kd7 42. Rb8 Kd6 43. h4 Kc5 44. Re8 Kd6 45. Kf3 Kd7 46. Re7+ Kd6 47. Ke3
Rb3+ 48. Kd2 Rb2+ 49. Kc3 Rxf2 50. Kc4 Rc2+ 51. Kb4 Rxc6 52. Rxe6+ Kxe6 53. bxc6
Kd6 54. Kb5 Kd5 {White resigns} 0-1

[Event "Team 45 45 League T40"]
[Site "Internet Chess Club"]
[Date "2009.02.19"]
[Round "4"]
[White "LAJ"]
[Black "alegro"]
[Result "1-0"]
[WhiteElo "1939"]
[BlackElo "1974"]
[Opening "Scotch game"]
[ECO "C45"]
[Time "18:00:38"]
[TimeControl "2700+45"]

1. e4 e5 2. Nf3 Nc6 3. d4 exd4 4. Nxd4 Bc5 5. Be3 Qf6 6. c3 Nge7 7. Bc4 Bb6 8.
O-O d6 9. Na3 O-O 10. f4 Be6 11. Be2 h6 12. Nc4 Bxc4 13. Bxc4 Ng6 14. Qd3 Rae8
15. Rae1 Qh4 16. Kh1 Qg4 17. Bb5 Nge7 18. Ba4 f5 19. Qc4+ Kh8 20. Bd1 Qh4 21.
Ne6 Bxe3 22. Rxe3 fxe4 23. Nxf8 Rxf8 24. Qxe4 Nf5 25. Rh3 Qf6 26. Bc2 Qe7 27.
Qxe7 Ncxe7 28. g4 {Black resigns} 1-0

[Event "Team 45 45 League T40"]
[Site "Internet Chess Club"]
[Date "2009.02.21"]
[Round "4"]
[White "eurander"]
[Black "gyoung"]
[Result "1/2-1/2"]
[WhiteElo "2210"]
[BlackElo "2250"]
[Opening "Sicilian: Alapin's variation (2.c3)"]
[ECO "B22"]
[Time "12:00:08"]
[TimeControl "2700+45"]

1. e4 c5 2. c3 Nf6 3. e5 Nd5 4. d4 cxd4 5. Nf3 Nc6 6. cxd4 d6 7. Bc4 Nb6 8. Bb3
dxe5 9. d5 Na5 10. Nc3 Nxb3 11. Qxb3 e6 12. Nxe5 Nxd5 13. Qb5+ Bd7 14. Qxb7 Bb4
15. Bd2 Bxc3 16. bxc3 Qc8 17. Rb1 Nb6 18. Qf3 O-O 19. Qg3 Kh8 20. Rb4 Qd8 21.
Rd4 Rc8 22. O-O f6 23. Nxd7 Nxd7 24. Rd1 Rf7 25. Qd3 Qe8 26. Qb5 Nb6 27. Qxe8+
Rxe8 28. Be3 h6 29. Rd8 Rxd8 30. Rxd8+ Kh7 31. Bxb6 axb6 32. Rd6 Ra7 33. Rxe6
{Game drawn by mutual agreement} 1/2-1/2

[Event "Team 45 45 League T40"]
[Site "Internet Chess Club"]
[Date "2009.02.20"]
[Round "4"]
[White "f5"]
[Black "frothyjowels"]
[Result "0-1"]
[WhiteElo "2172"]
[BlackElo "2394"]
[Opening "KP: Nimzovich defense"]
[ECO "B00"]
[Time "13:06:57"]
[TimeControl "2700+45"]

1. e4 Nc6 2. Nf3 d6 3. d4 Nf6 4. Nc3 g6 5. Bg5 Bg7 6. Qd2 O-O 7. O-O-O a6 8. Kb1
b5 9. Bd3 Nb4 10. d5 Nxd3 11. cxd3 Bg4 12. Bh6 Qd7 13. Bxg7 Kxg7 14. Rc1 Bxf3
15. gxf3 Qh3 16. Qe3 e5 17. Ne2 Rfc8 18. d4 Nd7 19. f4 Qxe3 20. fxe3 exf4 21.
exf4 Nf6 22. Ng3 Re8 23. Rxc7 Nxe4 24. f5 Nd2+ 25. Kc2 Nc4 26. fxg6 hxg6 27. b3
Ne3+ 28. Kd2 Nxd5 29. Rd7 Re6 30. Re1 Rae8 31. Rxe6 Rxe6 32. Ra7 Nb4 33. a3 Nc6
34. Rxa6 Nxd4 35. Kc3 Ne2+ 36. Nxe2 Rxe2 37. Rxd6 Rxh2 38. Rb6 Ra2 39. Rxb5 Rxa3
40. Kd4 f5 41. Ke5 Kh6 42. Kf4 Ra1 43. Rb8 Rf1+ 44. Kg3 Kg5 45. b4 Rb1 46. b5
f4+ 47. Kf2 Kg4 48. b6 Rb2+ 49. Ke1 f3 50. b7 g5 51. Ra8 Rxb7 52. Kf2 Rb2+ 53.
Kg1 Kg3 54. Ra1 Rg2+ 55. Kh1 Rh2+ {White resigns} 0-1

[Event "Team 45 45 League T40"]
[Site "Internet Chess Club"]
[Date "2009.02.22"]
[Round "4"]
[White "Gil-galad"]
[Black "chiiwen"]
[Result "1/2-1/2"]
[WhiteElo "2101"]
[BlackElo "2097"]
[Opening "Dutch: Leningrad, main variation"]
[ECO "A87"]
[Time "14:01:16"]
[TimeControl "2700+45"]

1. d4 f5 2. g3 Nf6 3. Bg2 g6 4. c4 Bg7 5. Nf3 d6 6. O-O O-O 7. Nc3 Qe8 8. Re1 e5
9. dxe5 dxe5 10. e4 fxe4 11. Ng5 Nc6 12. Be3 b6 13. Nd5 Nxd5 14. Qxd5+ Kh8 15.
Qxe4 Bb7 16. Qh4 h6 17. Bd5 Nd8 18. Ne6 Nxe6 19. Bxb7 Rb8 20. Bd5 Kh7 21. Rad1
c6 22. Bg2 c5 23. Rd6 Rd8 24. Bc6 Qf7 25. Rxd8 Rxd8 26. Bd5 Rd6 27. Qe4 {Game
drawn by mutual agreement} 1/2-1/2

[Event "Team 45 45 League T40"]
[Site "Internet Chess Club"]
[Date "2009.02.21"]
[Round "4"]
[White "Legal"]
[Black "JustinSane"]
[Result "1-0"]
[WhiteElo "2001"]
[BlackElo "2083"]
[Opening "French: Winawer, advance, poisoned pawn variation"]
[ECO "C18"]
[Time "14:36:48"]
[TimeControl "2700+45"]

1. e4 e6 2. d4 d5 3. Nc3 Bb4 4. e5 c5 5. a3 Bxc3+ 6. bxc3 Ne7 7. Qg4 O-O 8. Bd3
Nbc6 9. Qh5 Ng6 10. Nf3 Qe8 11. Be3 c4 12. Bxg6 fxg6 13. Qg4 Ne7 14. h4 Rf5 15.
Qh3 Qf8 16. Ke2 Bd7 17. g4 Rxf3 18. Qxf3 Qxf3+ 19. Kxf3 Ba4 20. Ra2 Rc8 21. Rb2
b6 22. Bg5 Nc6 23. h5 h6 24. Be3 g5 25. Kg3 Kh7 26. Rf1 Rf8 27. f4 gxf4+ 28.
Rxf4 Rxf4 29. Kxf4 g5+ 30. hxg6+ Kxg6 31. Kg3 h5 32. Rb1 hxg4 33. Rf1 Nd8 34.
Rf6+ Kg7 35. Bh6+ Kh7 36. Kxg4 Bxc2 37. Kg5 Nc6 38. Rf7+ Kg8 39. Rg7+ Kh8 40.
Rc7 Na5 41. Kf6 Bf5 42. Rxa7 Nb3 43. Bg7+ Kh7 44. Ra8 {Black resigns} 1-0

[Event "Team 45 45 League T40"]
[Site "Internet Chess Club"]
[Date "2009.02.27"]
[Round "4"]
[White "pestka"]
[Black "KNVB"]
[Result "0-1"]
[WhiteElo "2214"]
[BlackElo "2354"]
[Opening "English opening"]
[ECO "A30"]
[Time "15:46:24"]
[TimeControl "2700+45"]

1. Nf3 Nf6 2. c4 c5 3. Nc3 b6 4. g3 Bb7 5. Bg2 e6 6. O-O d6 7. d4 cxd4 8. Qxd4
a6 9. Bg5 Nbd7 10. Nd2 Bxg2 11. Kxg2 h6 12. Bxf6 Qxf6 13. Qe4 Qd8 14. Rfd1 Be7
15. Qd4 O-O 16. Nde4 Ne5 17. b3 Qc7 18. Rac1 Rfd8 19. f4 Nc6 20. Qe3 Qb7 21. Qf3
b5 22. cxb5 axb5 23. Nxb5 Qxb5 24. Rxc6 d5 {White resigns} 0-1

[Event "Team 45 45 League T40"]
[Site "Internet Chess Club"]
[Date "2009.02.21"]
[Round "4"]
[White "MRuperez"]
[Black "Kolibri"]
[Result "1/2-1/2"]
[WhiteElo "2200"]
[BlackElo "2045"]
[Opening "Catalan: closed, 5.Nf3"]
[ECO "E06"]
[Time "14:07:07"]
[TimeControl "2700+45"]

1. c4 e6 2. d4 d5 3. Nf3 Nf6 4. g3 Be7 5. Bg2 O-O 6. O-O b6 7. Qc2 Bb7 8. Nbd2
dxc4 9. Nxc4 Be4 10. Qc3 Nd5 11. Qb3 Nd7 12. Ncd2 Bg6 13. e4 N5f6 14. Nh4 Rc8
15. Nxg6 hxg6 16. Nc4 c5 17. d5 exd5 18. exd5 Re8 19. a4 Bf8 20. Bg5 Ne5 21.
Nxe5 Rxe5 22. Bf4 c4 23. Qc2 Re8 24. Rad1 Bd6 25. Bg5 Qc7 26. Rfe1 a6 27. Qc3
Nd7 28. Bh3 b5 29. axb5 axb5 30. Rxe8+ Rxe8 31. Bxd7 Qxd7 32. Be3 Rc8 33. Rc1
Bc5 34. Rd1 b4 35. Qc1 Bxe3 36. Qxe3 c3 37. bxc3 bxc3 38. Rc1 {Game drawn by
mutual agreement} 1/2-1/2

[Event "Team 45 45 League T40"]
[Site "Internet Chess Club"]
[Date "2009.02.22"]
[Round "4"]
[White "Monsoon-Smith"]
[Black "playwaycool"]
[Result "1-0"]
[WhiteElo "2099"]
[BlackElo "2064"]
[Opening "QGD semi-Slav"]
[ECO "D43"]
[Time "18:00:16"]
[TimeControl "2700+45"]

1. d4 d5 2. c4 c6 3. Nc3 Nf6 4. Nf3 e6 5. Qc2 Nbd7 6. cxd5 exd5 7. e3 Bd6 8. Bd3
O-O 9. O-O h6 10. b3 Re8 11. Bb2 Qe7 12. Rae1 Ne4 13. h3 g5 14. Bxe4 dxe4 15.
Nd2 Nf6 16. f3 exf3 17. Nxf3 g4 18. hxg4 Nxg4 19. e4 Bg3 20. Re2 f5 21. exf5 Ne3
22. Qc1 Bxf5 23. Nd1 Bf4 24. Rfe1 Bg3 25. Rxe3 Bxe1 26. Rxe7 Rxe7 27. Qxh6 Bb1
28. d5 Rf8 29. Ng5 Bf2+ 30. Nxf2 Bh7 31. Nxh7 Rxh7 32. Qg6+ {Black resigns} 1-0

[Event "Team 45 45 League T40"]
[Site "Internet Chess Club"]
[Date "2009.02.23"]
[Round "4"]
[White "Speedy-Reedy"]
[Black "Holzschlange"]
[Result "1-0"]
[WhiteElo "1916"]
[BlackElo "1910"]
[Opening "Ruy Lopez: closed, Chigorin, 12...Nc6"]
[ECO "C98"]
[Time "11:00:07"]
[TimeControl "2700+45"]

1. e4 e5 2. Nf3 Nc6 3. Bb5 a6 4. Ba4 Nf6 5. O-O Be7 6. Re1 b5 7. Bb3 d6 8. c3
O-O 9. h3 Na5 10. Bc2 c5 11. d4 Qc7 12. Nbd2 Nc6 13. d5 Nd8 14. a4 Rb8 15. axb5
axb5 16. b4 c4 17. Nf1 Nd7 18. N3h2 h6 19. Ng3 Bg5 20. Bxg5 hxg5 21. Qh5 f6 22.
Nf3 Nb6 23. h4 g4 24. Nh2 Qf7 25. Qxf7+ Nxf7 26. Ra7 Rb7 27. Rxb7 Bxb7 28. Nxg4
Ra8 29. Rc1 Ra3 30. Bd1 Nh8 31. Ne3 Ng6 32. Ngf5 Nc8 33. g3 Nge7 34. h5 Kf7 35.
Bg4 g6 36. hxg6+ Kxg6 37. Nxe7+ Nxe7 38. Bd7 Ba6 39. Rc2 Kg5 40. Kg2 Bc8 41.
Bxb5 f5 42. f3 fxe4 43. fxe4 Ba6 44. Bxa6 Rxa6 45. Nxc4 Nc8 46. Rf2 Na7 47. Na5
Nb5 48. Rc2 Kg4 49. Nc4 Ra8 50. Ne3+ Kg5 51. Nf5 Ra3 52. c4 Nd4 53. Nxd4 exd4
54. Rd2 Kg4 55. Rxd4 Ra2+ 56. Kf1 Kxg3 57. c5 Kf3 58. Kg1 Ra1+ 59. Kh2 Ra2+ 60.
Kh3 Ra1 61. Kh4 Kf4 62. Kh5 Ke5 63. Rc4 Ra4 64. c6 {Black resigns} 1-0

[Event "Team 45 45 League T40"]
[Site "Internet Chess Club"]
[Date "2009.02.21"]
[Round "4"]
[White "easycure"]
[Black "cillu"]
[Result "1/2-1/2"]
[WhiteElo "2380"]
[BlackElo "2200"]
[Opening "QGA, 4.Nc3"]
[ECO "D24"]
[Time "09:20:40"]
[TimeControl "2700+45"]

1. d4 d5 2. c4 dxc4 3. Nf3 Nf6 4. Nc3 c5 5. d5 e6 6. e4 exd5 7. e5 Nfd7 8. Qxd5
Nb6 9. Qe4 Be7 10. Bf4 Nc6 11. Rd1 Bd7 12. e6 fxe6 13. Nb5 Rc8 14. Nd6+ Bxd6 15.
Bxd6 Qf6 16. Bxc4 Nxc4 17. Qxc4 Nd4 18. Nxd4 cxd4 19. Qb4 e5 20. O-O Kf7 21. f4
e4 22. Rxd4 Bc6 23. Be5 Qf5 24. Rd6 Rhe8 25. Qb3+ Kf8 26. Rfd1 a6 27. Qg3 Qf7
28. Qg4 e3 29. Re1 Rcd8 30. Rxe3 Rxd6 31. Bxd6+ Kg8 32. Be5 Rd8 33. Rg3 Rd7 34.
Bxg7 Qg6 35. Bc3 Qxg4 36. Rxg4+ Kf7 37. Rg7+ Ke6 38. Rxd7 Bxd7 39. Kf2 Kf5 40.
Kg3 Bc6 41. Be5 h5 42. Kf2 Bd5 43. a3 Bc6 44. Bc7 Bd5 45. g3 Bc6 46. Ke3 Bg2 47.
Bd8 Bc6 48. Kd4 Bg2 49. Kc5 Bc6 50. Kd6 Bf3 51. Ke7 Bc6 52. Kf7 Bf3 53. Kg7 Bd5
54. Kh6 Bf3 55. Bc7 Be2 56. Be5 Bf3 57. h3 Bg2 58. Kxh5 Bxh3 59. Kh4 Bg4 60. Bc7
Bf3 61. Be5 Bg4 62. Bb8 Bf3 {Game drawn by mutual agreement} 1/2-1/2

[Event "Team 45 45 League T40"]
[Site "Internet Chess Club"]
[Date "2009.02.22"]
[Round "4"]
[White "GeofDeV"]
[Black "Blade"]
[Result "1/2-1/2"]
[WhiteElo "1908"]
[BlackElo "2091"]
[Opening "QGD"]
[ECO "D52"]
[Time "16:00:35"]
[TimeControl "2700+45"]

1. d4 d5 2. c4 e6 3. Nc3 Nf6 4. Nf3 c6 5. Bg5 Nbd7 6. e3 Bd6 7. Bd3 O-O 8. O-O
b5 9. cxb5 c5 10. e4 cxd4 11. Nxd4 Qc7 12. h3 Bb7 13. Rc1 Qb6 14. exd5 Qxd4 15.
Bxh7+ Kxh7 16. Qxd4 exd5 17. Rfd1 Be5 18. Qh4+ Kg8 19. Bf4 a5 20. Rd3 Rfd8 21.
Rg3 Bxf4 22. Qxf4 Nh5 23. Qc7 Nxg3 24. Qxb7 Nc5 25. Qe7 Nd3 26. Rd1 Nxb2 27.
Rxd5 Re8 28. Qg5 Re1+ 29. Kh2 Nf1+ 30. Kg1 Ne3+ 31. Kh2 Nf1+ 32. Kg1 Ne3+ 33.
Kh2 Nf1+ 34. Kg1 Ne3+ 35. Kh2 Nf1+ {Game drawn by repetition} 1/2-1/2

[Event "Team 45 45 League T40"]
[Site "Internet Chess Club"]
[Date "2009.02.21"]
[Round "4"]
[White "onslaught"]
[Black "Campagnolo"]
[Result "1-0"]
[WhiteElo "2157"]
[BlackElo "2055"]
[Opening "Benkö gambit half accepted"]
[ECO "A57"]
[Time "06:09:35"]
[TimeControl "2700+45"]

1. d4 Nf6 2. c4 c5 3. d5 b5 4. cxb5 a6 5. e3 g6 6. Nc3 d6 7. Nf3 Bg7 8. a4 axb5
9. Bxb5+ Nbd7 10. O-O O-O 11. e4 Qb6 12. Ra3 Ba6 13. Re1 Bxb5 14. Nxb5 Ng4 15.
h3 Nge5 16. Nd2 c4 17. Qe2 Qc5 18. Rf1 Qb4 19. b3 cxb3 20. Rxb3 Qc5 21. Ba3 Qb6
22. Nxd6 {Black resigns} 1-0

[Event "Team 45 45 League T40"]
[Site "Internet Chess Club"]
[Date "2009.02.20"]
[Round "4"]
[White "dnmuscg"]
[Black "izit"]
[Result "0-1"]
[WhiteElo "1957"]
[BlackElo "2197"]
[Opening "Sicilian: Alapin's variation (2.c3)"]
[ECO "B22"]
[Time "14:01:01"]
[TimeControl "2700+45"]

1. e4 c5 2. c3 d6 3. d4 Nf6 4. Bd3 g6 5. Nf3 Bg7 6. O-O O-O 7. h3 Nc6 8. d5 Ne5
9. Nxe5 dxe5 10. Be3 c4 11. Bxc4 Nxe4 12. Nd2 Nd6 13. Bb3 Bd7 14. a4 Qc7 15. Qe2
Rfc8 16. f3 a5 17. c4 Nf5 18. Bf2 e6 19. Ne4 exd5 20. cxd5 Nd4 21. Bxd4 exd4 22.
Qd3 Qf4 23. Rfe1 Be5 24. g3 Qf5 25. f4 Bb8 26. Qxd4 Ba7 27. Qxa7 Rxa7 28. Nd6
Qxh3 29. Nxc8 Qxg3+ 30. Kh1 Bg4 31. Bd1 Bxc8 32. Re8+ {White resigns} 0-1

[Event "Team 45 45 League T40"]
[Site "Internet Chess Club"]
[Date "2009.02.22"]
[Round "4"]
[White "jonesey"]
[Black "Holm"]
[Result "1-0"]
[WhiteElo "2002"]
[BlackElo "1896"]
[Opening "QGD Slav defense"]
[ECO "D10"]
[Time "04:00:03"]
[TimeControl "2700+45"]

1. d4 d5 2. c4 c6 3. Nc3 Nf6 4. cxd5 cxd5 5. f3 Bf5 6. g4 Bxg4 7. fxg4 Nxg4 8.
e4 h5 9. exd5 e6 10. Bb5+ Nd7 11. Nf3 Be7 12. Bxd7+ Qxd7 13. h3 Nh6 14. Qa4 Qxa4
15. Nxa4 exd5 16. Nc3 O-O-O 17. Bf4 Bf6 18. Rc1 Rhe8+ 19. Kf2 Nf5 20. Nb5+ Kd7
21. Rc7+ Ke6 22. Re1+ Ne3 {Black resigns} 1-0

[Event "Team 45 45 League T40"]
[Site "Internet Chess Club"]
[Date "2009.02.22"]
[Round "4"]
[White "nursey"]
[Black "Timotheous"]
[Result "1-0"]
[WhiteElo "1633"]
[BlackElo "1721"]
[Opening "Sicilian: accelerated fianchetto, modern variation"]
[ECO "B34"]
[Time "15:33:26"]
[TimeControl "2700+45"]

1. e4 c5 2. Nf3 Nc6 3. d4 cxd4 4. Nxd4 g6 5. Nc3 Bg7 6. Be3 Nf6 7. Nxc6 bxc6 8.
e5 Ng8 9. Bd4 e6 10. Ne4 Bf8 11. Nd6+ Bxd6 12. exd6 f6 13. Bd3 Nh6 14. O-O Nf7
15. Qf3 e5 16. Bc5 O-O 17. Rfe1 Bb7 18. Rad1 Ng5 19. Bc4+ Kg7 20. Qg3 Nf7 21.
Be3 Nh6 22. Bd3 Qa5 23. Bxh6+ Kxh6 24. Qh3+ Kg5 25. Qxh7 f5 26. h4+ Kf4 27. Qh6+
{Black resigns} 1-0

[Event "Team 45 45 League T40"]
[Site "Internet Chess Club"]
[Date "2009.02.23"]
[Round "4"]
[White "OGO"]
[Black "vaknight"]
[Result "0-1"]
[WhiteElo "1618"]
[BlackElo "1686"]
[Opening "Sicilian"]
[ECO "B56"]
[Time "13:19:57"]
[TimeControl "2700+45"]

1. e4 c5 2. Nf3 Nc6 3. d4 cxd4 4. Nxd4 Nf6 5. Nc3 d6 6. Bb5 Bd7 7. Bg5 Nxd4 8.
Bxd7+ Nxd7 9. Qxd4 Nc5 10. O-O-O Qd7 11. Rhe1 Ne6 12. Qe3 Nxg5 13. Qxg5 O-O-O
14. e5 h6 15. Qe3 b6 16. exd6 e6 17. Qe2 Bxd6 18. Qa6+ Qb7 19. Qxb7+ Kxb7 20.
Ne4 Bf4+ 21. Kb1 Bc7 22. h3 Rhe8 23. c3 f5 24. Nd2 e5 25. Kc2 e4 26. Nc4 b5 27.
Ne3 g6 28. Nd5 Be5 29. Ne3 Kc6 30. Rxd8 Rxd8 31. Rd1 Rxd1 32. Kxd1 f4 33. Nc2 a5
34. Ke2 Kd5 35. Ne1 Kc4 36. Kd2 g5 37. Nc2 Bd6 38. b3+ Kd5 39. Ke2 Bc5 40. Kd2
Bxf2 41. Ke2 Bc5 42. Kd2 h5 43. Ke2 g4 44. hxg4 hxg4 45. Ne1 a4 46. Kd2 Be3+ 47.
Ke2 Bc1 48. Nc2 f3+ 49. gxf3 exf3+ 50. Kf2 axb3 51. axb3 Bd2 52. c4+ bxc4 53.
bxc4+ Kxc4 54. Kf1 Kd3 55. Na3 g3 {White resigns} 0-1